 Dungeon Crawl Stone Soup version 0.25-b1-46-gb8a1ec05df (webtiles) character file.

Game seed: 14996064572192370276

79 MajorAdolf the Skirmisher (level 4, -1/42 HPs)
             Began as a Naga Wanderer on June 11, 2020.
             Killed from afar by an orc wizard (7 damage)
             ... with a magic dart
             ... on level 2 of the Dungeon.
             The game lasted 00:01:56 (1207 turns).

MajorAdolf the Skirmisher (Naga Wanderer)           Turns: 1207, Time: 00:01:56

Health: -1/42      AC:  2    Str: 15    XL:     4   Next: 37%
Magic:  4/4        EV:  9    Int: 15    God:
Gold:   56         SH:  0    Dex:  8    Spells: 3/3 levels left

rFire    . . .     SeeInvis +   a - +2 hand axe
rCold    . . .     Gourm    .   (no shield)
rNeg     . . .     Faith    .   c - +0 robe
rPois    +         Spirit   .   (no helmet)
rElec    .         Reflect  .   (no cloak)
rCorr    .         Harm     .   (no gloves)
MR       .....                  (no barding)
Stlth    +.........             (no amulet)
HPRegen  0.14/turn              (no ring)
MPRegen  0.09/turn              (no ring)

@: short of breath, very slow
A: large, see invisible, deformed body, poison resistance, slowness 2, slow
metabolism 1, spit poison 1, AC +1
a: Spit Poison


You were on level 2 of the Dungeon.
You were hungry.

You visited 1 branch of the dungeon, and saw 2 of its levels.

You collected 56 gold pieces.

Inventory:

Hand Weapons
 a - a +2 hand axe (weapon)
Armour
 c - a +0 robe (worn)
 p - a +0 plate armour
Jewellery
 e - an uncursed ring of resist corrosion {unknown}
Scrolls
 f - a scroll of immolation {unknown}
 g - a scroll of fog {unknown}
 h - 2 scrolls of teleportation {unknown}
 i - 2 scrolls of remove curse {unknown}
 j - 3 scrolls of identify {unknown}
 k - a scroll of magic mapping {unknown}
 n - a scroll of fear {unknown}
Potions
 b - a potion of curing
 l - a potion of degeneration {unknown}
 o - a potion of brilliance {unknown}
 q - a potion of haste {unknown}
Comestibles
 d - 2 rations
 m - 4 chunks of flesh


   Skills:
 + Level 3.5 Fighting
 + Level 2.8 Axes
   Level 1.0 Crossbows
 - Level 1.0 Throwing
 + Level 2.2 Armour
 + Level 1.3 Dodging
 - Level 1.5 Stealth


You had 3 spell levels left.
You didn't know any spells.
Your spell library was empty.

Dungeon Overview and Level Annotations

Branches:
Dungeon (2/15)

Altars:


Innate Abilities, Weirdness & Mutations

You cannot wear boots.
Your serpentine skin is tough. (AC +1)
You have supernaturally acute eyesight. (SInv)
Armour fits poorly on your strangely shaped body.
Your system is resistant to poisons. (rPois)
You cover ground very slowly.
You have a slow metabolism.
You can spit poison.


Message History

The orc wizard hits you but does no damage.
Unknown command.
You feel better.
You have got your breath back.
The orc wizard hits you with a cursed -2 dagger.
* * * LOW HITPOINT WARNING * * *
The orc wizard hits you with a cursed -2 dagger.
* * * LOW HITPOINT WARNING * * *
Unknown command.
Press: ? - help, Shift-Dir - straight line, f/p - orc wizard
Aim: an orc wizard, wielding a -2 dagger and wearing a +0 robe (heavily wounded, fast)
The splash of poison misses the orc wizard.
You feel slightly more hungry.
The orc wizard hits you but does no damage.
Unknown command.
You hit the orc wizard but do no damage.
The orc wizard is heavily wounded.
The orc wizard points at you and mumbles some strange words.
The magic dart hits you!
You die...

#...##.# ##..###.# #...#
#.# # #.#.# #.# . ##÷#.#
#.# # ##....# #.# #
#.###.....###.# ##
§....)..o.....# .####.#
#####...@.#.### .)....#
##.)..#.# .######
##.#.#.# .########
#.#.#.###.# #.......#
#..$......#
..#.###.#######....######
....###............#
..#.....########...#
.......÷<.........†#


You could see an orc wizard (fast).

Vanquished Creatures
  Jessica (D:2)
  A gnoll (D:1)
  An adder (D:2)
  A dart slug (D:1)
  A leopard gecko (D:1)
  2 orcs (D:2)
  4 giant cockroaches
  3 goblins
  2 hobgoblins
  5 kobolds
  3 bats
  A frilled lizard (D:2)
  5 rats
30 creatures vanquished.

Notes
Turn   | Place    | Note
-------+----------+-------------------------------------------
     0 | D:1      | MajorAdolf the Naga Wanderer began the quest for the Orb.
     0 | D:1      | MajorAdolf set off with the following items: a +2 hand axe,
                  | 2 potions of curing, a +0 robe, a ration
     0 | D:1      | Reached XP level 1. HP: 21/21 MP: 1/1
   281 | D:1      | Reached XP level 2. HP: 28/28 MP: 2/2
   661 | D:1      | Reached XP level 3. HP: 34/34 MP: 3/3
   868 | D:1      | Reached skill level 1 in Dodging
  1115 | D:2      | Noticed Jessica
  1119 | D:2      | Killed Jessica
  1119 | D:2      | Reached XP level 4. HP: 41/42 MP: 4/4
  1207 | D:2      | Killed from afar by an orc wizard

Illustrated notes

Levels and vault maps discovered:
D:1:      wander_arrival_chamber, layout_loops_cross
D:2:      layout_loops_ring, uniq_jessica

Skill      XL: |  1  2  3 |
---------------+----------+-----
Armour         | 2 |  2.2
Dodging        | 1 |  1.3
Fighting       | |  3.5
Axes           | |  2.8
Crossbows      | |  1.0
Throwing       | |  1.0
Stealth        | |  1.5

Action                   |  1- 3 |  4- 6 || total
-------------------------+-------+-------++-------
Melee: Hand axe          |    51 |    26 ||    77
 Abil: Spit Poison       |     5 |     3 ||     8
  Use: Potion            |       |     1 ||     1
 Stab: Sleeping          |     1 |       ||     1
Armor: Robe              |    10 |     2 ||    12
Dodge: Dodged            |    34 |    16 ||    50
